 Dungeon Crawl Stone Soup version 0.28.0 (webtiles) character file.

Game seed: 3582421220800019249

3297 Palewisp the Covert (level 9, -1/41 HPs)
             Began as a Spriggan Enchanter on Feb 8, 2022.
             Was a Follower of Sif Muna.
             Shot with a sling bullet by Joseph (19 damage)
             ... on level 7 of the Dungeon.
             The game lasted 01:49:23 (9382 turns).

Palewisp the Covert (Spriggan Enchanter)            Turns: 9382, Time: 01:49:26

Health: -1/41      AC:  5    Str:  4    XL:     9   Next: 70%
Magic:  17/19      EV: 23    Int: 20    God:    Sif Muna [*.....]
Gold:   737        SH:  0    Dex: 22    Spells: 4/20 levels left

rFire   . . .      SeeInvis +   a - +2 dagger (freeze)
rCold   . . .      Faith    +   (no shield)
rNeg    . . .      Spirit   .   e - +2 robe {Archmagi}
rPois   .          Reflect  .   (helmet restricted)
rElec   .          Harm     .   c - +0 cloak
rCorr   .          Rampage  .   (gloves unavailable)
Will    ++...      Archmagi +   (boots unavailable)
Stlth   +++++.....              f - amulet of faith
HPRegen 0.13/turn               i - ring of willpower
MPRegen 0.16/turn               g - +6 ring of dexterity

@: very quick
A: very small, no large weapons, unfitting armour, see invisible, speed 3
a: Renounce Religion, Channel Magic


You were on level 7 of the Dungeon.
You worshipped Sif Muna.
Sif Muna was aware of your devotion.
You visited 2 branches of the dungeon, and saw 8 of its levels.

You collected 737 gold pieces.

Inventory:

Hand Weapons
 a - a +2 dagger of freezing (weapon)
 b - a +4 quarterstaff of chaos
 m - a +0 dagger of holy wrath
 n - a +2 dagger of draining
 o - a +0 whip of flaming
 p - a +0 spear
 y - a +0 trident
 E - a +0 falchion
 G - a +0 short sword of draining
Missiles
 q - 22 sling bullets
 r - 39 bolts
 s - 2 poisoned darts
 w - 91 stones
 A - 44 arrows
 F - a boomerang (quivered)
Armour
 c - a +0 cloak (worn)
 d - a scarf of harm
 e - a +2 robe of the Archmagi (worn)
 t - +0 steam dragon scales
Jewellery
 f - an amulet of faith (around neck)
 g - a +6 ring of dexterity (right hand)
 h - a +4 ring of evasion
 i - a ring of willpower (left hand)
 j - a ring of poison resistance
 k - a ring of resist corrosion
 l - a ring of ice
Wands
 u - a wand of flame (34)
 D - a wand of charming (7)
Scrolls
 M - a scroll of vulnerability {unknown}
 N - a scroll of fog {unknown}
 O - a scroll of enchant armour {unknown}
 P - a scroll of blinking {unknown}
 Q - a scroll of holy word {unknown}
 R - 2 scrolls of teleportation {unknown}
 S - 2 scrolls of fear {unknown}
 T - 2 scrolls of immolation {unknown}
 U - 10 scrolls of identify {unknown}
Potions
 v - a potion of invisibility
 V - a potion of flight {unknown}
 W - a potion of might {unknown}
 X - a potion of lignification {unknown}
 Y - 3 potions of berserk rage {unknown}
 Z - 3 potions of curing {unknown}


   Skills:
 - Level 1.0 Fighting
 - Level 5.0 Short Blades
 - Level 7.0 Dodging
 - Level 9.0 Stealth
 - Level 6.0 Spellcasting
 - Level 5.0 Hexes
 - Level 3.0 Summonings
 * Level 7.8 Transmutations
 - Level 3.0 Ice Magic
 - Level 4.0 Earth Magic


You had 4 spell levels left.
You knew the following spells:

 Your Spells              Type           Power      Damage    Failure   Level
a - Confusing Touch       Hex            39%        N/A       4%          3
b - Petrify               Tmut/Erth      44%        N/A       9%          4
c - Summon Ice Beast      Ice/Summ       27%        N/A       30%         4
s - Tukima's Dance        Hex            39%        N/A       4%          3
z - Ensorcelled Hibernat  Hex/Ice        66%        N/A       3%          2

Your spell library contained the following spells:

 Spells                   Type           Power      Damage    Failure   Level
 Frozen Ramparts          Ice            54%        1d7       9%          3
 Dazzling Flash           Conj/Hex       48%        N/A       11%         3
 Ice Form                 Ice/Tmut       41%        N/A       11%         4
 Sublimation of Blood     Necr           9%         N/A       16%         2
 Irradiate                Conj/Tmut      16%        3d19      50%         5


Dungeon Overview and Level Annotations

Branches:
Dungeon (7/15)             Temple (1/1) D:4

Altars:
Ashenzari
Cheibriados
Elyvilon
Fedhas
Gozag
Hepliaklqana
Kikubaaqudgha
Makhleb
Nemelex Xobeh
Okawaru
Qazlal
Ru
Sif Muna
Trog
Vehumet
Wu Jian
Xom
Yredelemnul
Zin
The Shining One

Annotations:
D:7 Joseph


Innate Abilities, Weirdness & Mutations

You are very small and have problems with some larger weapons.
You are too small for most types of armour.
You have supernaturally acute eyesight. (SInv)
You cover ground extremely quickly. (Speed+++)


Message History

Aiming: Ensorcelled Hibernation (safe; 3% risk of failure)
Press: ? - help, Shift-Dir - straight line, f - you, p - Joseph
Okay, then.
You start waiting.
Joseph is nearby!
Things that are here:
a +0 halberd of draining; the human corpse of Maggie
Found a dagger.
Found a bubbling ruby potion.
You now have 737 gold pieces (gained 20).
You start waiting.
Joseph is nearby!
Casting: Ensorcelled Hibernation (safe; 3% risk of failure)
Confirm with . or Enter, or press ? or * to list all spells.
Okay, then.
Casting: Ensorcelled Hibernation (safe; 3% risk of failure)
Confirm with . or Enter, or press ? or * to list all spells.
Aiming: Ensorcelled Hibernation (safe; 3% risk of failure)
Press: ? - help, Shift-Dir - straight line, f/p - Joseph
Aim: Joseph, wielding a +0 hunting sling, wearing a +0 ring mail, quivering sling bullets and carrying a wand of polymorph (3) (chance to affect: 45%)
You feel a surge of power!
Joseph resists with some effort.
Joseph zaps a wand.
You resist with almost no effort.
Joseph is nearby!
You start resting.
Magic restored.
Joseph shoots a sling bullet.
The sling bullet completely misses you.
Joseph zaps a wand.
You resist with almost no effort.
Joseph shoots a sling bullet.
The sling bullet hits you.
Joseph shoots a sling bullet.
The sling bullet misses you.
Joseph shoots a sling bullet.
The sling bullet hits you!!
You start resting.
Joseph is nearby!
Casting: Ensorcelled Hibernation (safe; 3% risk of failure)
Confirm with . or Enter, or press ? or * to list all spells.
Aiming: Ensorcelled Hibernation (safe; 3% risk of failure)
Press: ? - help, Shift-Dir - straight line, f/p - Joseph
Aim: Joseph, wielding a +0 hunting sling, wearing a +0 ring mail, quivering sling bullets and carrying a wand of polymorph (1) (chance to affect: 45%)
You feel a surge of power!
Joseph resists with some effort.
Joseph shoots a sling bullet.
The sling bullet hits you!!
You die...

# #..#.... # ######..#)... #
#.......'.... # #.###...#.... #
#.#######.... # #.......#....
####### ############.......#@...
..#...# #..........#.......#....
.##..#####......@...#.......#@...
###..##....####.....#.......#....
..#...#....'..#.....#'###...#....
..#...#....#..#####....##^..#....
..#...#....#......#....#....#....
..'...#....#......#....'....#....
..#...#....########....######....
..###'##.....########..@....@....
..#....#.....#...#..#<...........


You could see Joseph.

Vanquished Creatures
  Pikel (D:7)
  Maggie (D:7)
  Grinder (D:3)
  A neqoxec (D:6)
  A dancing weapon (D:7)
  Edmund (D:6)
  A water moccasin (D:5)
  Duvessa (D:5)
  2 black bears
  3 ice beasts
  A sky beast (D:6)
  2 ogres (D:5)
  2 lemures (D:7)
  A phantom (D:4)
  A bullfrog (D:6)
  A gnoll sergeant (D:5)
  A scorpion (D:2)
  2 wyvern skeletons (D:6)
  2 water moccasin skeletons
  Dowan (D:5)
  2 centaur zombies
  A bullfrog zombie (D:6)
  2 bullfrog skeletons (D:5)
  6 hounds
  2 orc priests (D:3)
  Crazy Yiuf (D:4)
  A centaur skeleton (D:5)
  A jelly (D:4)
  4 iguanas
  2 orc wizards (D:7)
  A howler monkey skeleton (D:6)
  9 adders
  A white imp (D:6)
  2 ufetubi
  An adder zombie (D:5)
  An adder skeleton (D:5)
  2 worms
  A dart slug (D:2)
  12 orcs
  6 bats
  9 endoplasms
  3 giant cockroaches
  8 goblins
  10 hobgoblins
  8 kobolds
  A quokka (D:2)
  5 ball pythons
  6 frilled lizards
  6 rats
141 creatures vanquished.

Vanquished Creatures (others)
  A dancing weapon (D:5)
  11 fungi
12 creatures vanquished.

Grand Total: 153 creatures vanquished

Notes
Turn   | Place    | Note
-------+----------+-------------------------------------------
     0 | D:1      | Palewisp the Spriggan Enchanter began the quest for the
                  | Orb.
     0 | D:1      | Reached XP level 1. HP: 9/9 MP: 5/5
   261 | D:1      | Reached XP level 2. HP: 13/13 MP: 6/6
   264 | D:1      | Learned a level 2 spell: Ensorcelled Hibernation
   459 | D:1      | You fall into a shaft and drop 1 floor!
   472 | D:2      | Reached skill level 5 in Stealth
   487 | D:2      | Reached skill level 1 in Ice Magic
   487 | D:2      | Reached XP level 3. HP: 11/16 MP: 1/8
   966 | D:2      | Found a faded altar of an unknown god.
   986 | D:2      | Prayed at the altar of an unknown god.
   986 | D:2      | Became a worshipper of Makhleb the Destroyer
   986 | D:2      | Reached * piety under Makhleb
  1139 | D:2      | Reached skill level 6 in Stealth
  1150 | D:2      | Learned a level 3 spell: Tukima's Dance
  1154 | D:2      | Learned a level 3 spell: Confusing Touch
  1220 | D:2      | Noticed a scorpion
  1255 | D:2      | Killed a scorpion
  1256 | D:2      | Reached skill level 7 in Stealth
  1256 | D:2      | Reached XP level 4. HP: 21/21 MP: 2/9
  1486 | D:2      | Reached ** piety under Makhleb
  1792 | D:3      | Reached XP level 5. HP: 20/24 MP: 5/10
  2359 | D:3      | Noticed Grinder
  3520 | D:4      | Found a runed translucent door.
  3521 | D:4      | Noticed Crazy Yiuf
  3531 | D:4      | Killed Crazy Yiuf
  3532 | D:4      | Reached XP level 6. HP: 28/28 MP: 7/12
  3736 | D:5      | Entered Level 5 of the Dungeon
  3790 | D:4      | Reached skill level 5 in Hexes
  3891 | D:4      | Reached skill level 1 in Transmutations
  3891 | D:4      | Reached skill level 1 in Earth Magic
  4010 | D:4      | Found a staircase to the Ecumenical Temple.
  4331 | Temple   | Entered the Ecumenical Temple
  4628 | D:5      | Found a shimmering altar of Xom.
  4708 | Temple   | Fell from the grace of Makhleb
  4708 | Temple   | Became a worshipper of Sif Muna the Loreminder
  4828 | D:5      | Noticed Dowan
  4920 | D:5      | Reached skill level 5 in Spellcasting
  4935 | D:5      | Reached XP level 7. HP: 23/32 MP: 13/15
  5342 | D:5      | Reached skill level 8 in Stealth
  5437 | D:5      | Reached skill level 9 in Stealth
  5562 | D:5      | Reached skill level 1 in Fighting
  5565 | D:5      | Reached XP level 8. HP: 12/37 MP: 5/16
  5588 | D:5      | Learned a level 4 spell: Petrify
  5593 | D:5      | Learned a level 4 spell: Summon Ice Beast
  5929 | D:5      | Noticed Duvessa
  5933 | D:5      | Killed Dowan
  5934 | D:5      | Reached skill level 5 in Transmutations
  6083 | D:5      | Killed Duvessa
  6401 | D:3      | Killed Grinder
  6402 | D:3      | Reached skill level 1 in Summonings
  6703 | D:5      | Reached skill level 5 in Dodging
  6717 | D:5      | Reached * piety under Sif Muna
  6832 | D:6      | Noticed Edmund
  7379 | D:6      | Killed Edmund
  7380 | D:6      | Reached XP level 9. HP: 41/41 MP: 16/18
  8111 | D:7      | Noticed Pikel
  8325 | D:7      | Killed Pikel
  8326 | D:7      | Reached skill level 5 in Short Blades
  8834 | D:7      | Noticed Maggie
  9188 | D:7      | Noticed Joseph
  9217 | D:7      | Killed Maggie
  9382 | D:7      | Shot with a sling bullet by Joseph

Illustrated notes

Levels and vault maps discovered:
D:1:      eino_arrival_druids_welcome, layout_basic, grunt_decor_one_mirror
D:2:      minmay_diamond_boxcup, layout_loops_cross,
          shapermc_ecumenical_altar_ellora
D:3:      layout_loops_ring, nrook_uturn, uniq_grinder
D:4:      layout_loops_cross, minmay_temple_entry_poolview, corexii_shack,
          uniq_crazy_yiuf_cottage
D:5:      minmay_polygon_palace, layout_cave_pools,
          mainiacjoe_overflow_tiny_flanked, kennysheep_cross_bottleneck,
          minmay_fountain_box, uniq_duvessa
D:6:      layout_gridville, uniq_edmund
D:7:      minmay_klotski, layout_gridville, uniq_maggie, uniq_pikel, uniq_joseph
Temple:   mainiacjoe_temple_bowtie_tessellation

Skill      XL: |  1  2  3  4  5  6  7  8  9 |
---------------+----------------------------+-----
Hexes          | 4 5 |  5.0
Stealth        | 5 7 9 |  9.0
Spellcasting   | 3 5 6 |  6.0
Ice Magic      | 1 2 3 |  3.0
Transmutations | 3 4 6 7 |  7.8
Earth Magic    | 1 2 3 4 |  4.0
Dodging        | 3 5 7 |  7.0
Short Blades   | 2 4 5 |  5.0
Fighting       | 1 |  1.0
Summonings     | 2 3 |  3.0

Action                   |  1- 3 |  4- 6 |  7- 9 || total
-------------------------+-------+-------+-------++-------
Melee: Spear             |    50 |    11 |     8 ||    69
       Dagger            |    50 |   115 |   182 ||   347
       Short sword       |       |    12 |       ||    12
       Punch             |       |     1 |     4 ||     5
       Quarterstaff      |       |    11 |     6 ||    17
       Whip              |       |       |    17 ||    17
Throw: Stone             |     1 |     1 |       ||     2
 Cast: Ensorcelled Hiber |     9 |    56 |    38 ||   103
       Tukima's Dance    |       |     1 |     6 ||     7
       Confusing Touch   |       |     2 |    21 ||    23
 Stab: Sleeping          |    20 |    29 |    25 ||    74
       Confused          |       |     2 |    21 ||    23
       Distracted        |       |     1 |     2 ||     3
Armor: Robe              |     1 |     7 |    13 ||    21
Dodge: Dodged            |    22 |    81 |   119 ||   222
